 Dungeon Crawl Stone Soup version 0.25-a0-161-gb7fd73da8f (webtiles) character file.

Game seed: 8726184157991852409, levelgen mode: deterministic

123 Leeroy the Slasher (level 4, 0/36 HPs)
             Began as a Draconian Skald on Nov 21, 2019.
             Slain by Natasha (4 damage)
             ... on level 2 of the Dungeon.
             The game lasted 00:03:02 (1059 turns).

Leeroy the Slasher (Draconian Skald)                Turns: 1059, Time: 00:03:02

Health: 0/36       AC:  5    Str: 13    XL:     4   Next: 80%
Magic:  1/7        EV: 12    Int: 14    God:
Gold:   30         SH:  0    Dex: 11    Spells: 1/7 levels left

rFire    . . .     SeeInvis .   l - +2 short sword (venom)
rCold    . . .     Gourm    .   (no shield)
rNeg     . . .     Faith    .   (armour unavailable)
rPois    .         Spirit   .   (helmet restricted)
rElec    .         Reflect  .   (no cloak)
rCorr    .         Harm     .   (no gloves)
MR       .....                  (no boots)
Stlth    +.........             (no amulet)
HPRegen  0.12/turn              (no ring)
MPRegen  0.10/turn              (no ring)

@: very slightly contaminated, slowed, very slow
A: unfitting armour, cold-blooded, AC +5
a: no special abilities


You were on level 2 of the Dungeon.
You were not hungry.

You visited 1 branch of the dungeon, and saw 2 of its levels.

You collected 30 gold pieces.

Inventory:

Hand Weapons
 a - a +0 falchion
 k - a +0 dagger
 l - a +2 short sword of venom (weapon)
Scrolls
 d - 2 scrolls of blinking {unknown}
 e - a scroll of immolation {unknown}
 g - a scroll of identify {unknown}
 i - 2 scrolls of enchant armour {unknown}
 m - a scroll of magic mapping {unknown}
Potions
 b - a potion of ambrosia {unknown}
 f - a potion of lignification {unknown}
 j - a potion of resistance {unknown}
 n - a potion of cancellation {unknown}
 o - a potion of mutation {unknown}
Comestibles
 c - 2 rations
 h - a chunk of flesh


   Skills:
 - Level 2.1 Fighting
 - Level 5.1 Long Blades
 - Level 2.1 Dodging
 - Level 2.0 Spellcasting
 + Level 2.7 Charms


You had one spell level left.
You knew the following spells:

 Your Spells              Type           Power        Failure   Level  Hunger
a - Infusion              Chrm           #...         8%          1    ##.....
b - Spectral Weapon       Hex/Chrm       #.......     38%         3    ####...
c - Shroud of Golubria    Chrm/Tloc      #.....       21%         2    ###....

Your spell library contained the following spells:

 Spells                   Type           Power        Failure   Level  Hunger
 Song of Slaying          Chrm           #.......     12%         2    ###....
 Regeneration             Chrm/Necr      #.........   38%         3    ####...


Dungeon Overview and Level Annotations

Branches:
Dungeon (2/15)

Altars:

Annotations:
D:2 Natasha


Innate Abilities, Weirdness & Mutations

Your plain brown scales are hard. (AC +5)
You cannot fit into any form of body armour.
You are cold-blooded and may be slowed by cold attacks.


Message History

Your shroud bends Natasha's attack away!
Natasha closely misses you.
You barely miss Natasha.
Natasha is heavily wounded.
Your shroud begins to fray at the edges.
Natasha drinks a potion.
Natasha is healed!
You barely miss Natasha.
Natasha wildly gestures.
Natasha shimmers violently.
Natasha claws you. x2
* * * LOW HITPOINT WARNING * * *
Your shroud falls apart!
You miss Natasha.
Natasha is lightly wounded.
The crimson imp blinks!
Natasha claws you.
* * * LOW HITPOINT WARNING * * *
You puncture Natasha!
Natasha is severely wounded.
Natasha claws you.
You die...

# #.. #.#.#
#.#.#######.#
#...§........
###.######..# #5# #####
#5# ...####h######.
.......@.......
##.####.######.
###########.####........
..........)..†..........
#####.......####........
............# #.#######
............# #.#
............# #.#
............# #.#


You could see Natasha, a white imp and a shadow imp.

Vanquished Creatures
  A centaur skeleton (D:2)
  3 gnolls
  2 adders (D:2)
  A worm (D:2)
  2 dart slugs (D:1)
  A leopard gecko (D:2)
  5 giant cockroaches (D:1)
  5 goblins
  3 hobgoblins (D:1)
  5 kobolds (D:1)
  5 bats
  A frilled lizard (D:1)
  9 rats
43 creatures vanquished.

Notes
Turn   | Place    | Note
-------+----------+-------------------------------------------
     0 | D:1      | Leeroy the Draconian Skald began the quest for the Orb.
     0 | D:1      | Reached XP level 1. HP: 17/17 MP: 3/3
   109 | D:1      | Reached XP level 2. HP: 13/24 MP: 5/5
   148 | D:1      | Reached skill level 3 in Long Blades
   359 | D:1      | Reached XP level 3. HP: 15/29 MP: 6/6
   619 | D:1      | Learned a level 3 spell: Spectral Weapon
   622 | D:1      | Learned a level 2 spell: Shroud of Golubria
   798 | D:1      | Reached skill level 4 in Long Blades
   922 | D:2      | Reached XP level 4. HP: 28/36 MP: 4/7
   981 | D:2      | Reached skill level 5 in Long Blades
  1042 | D:2      | Noticed Natasha
  1059 | D:2      | Slain by Natasha

Levels and vault maps discovered:
D:1:      elethiomel_arrival_diamonds, layout_rooms
D:2:      layout_basic, uniq_natasha, uniq_jessica

Skill      XL: |  1  2  3  4 |
---------------+-------------+-----
Long Blades    | 3 4 5 |  5.1
Fighting       | |  2.1
Dodging        | |  2.1
Spellcasting   | |  2.0
Charms         | |  2.7

Action                   |  1- 3 |  4- 6 || total
-------------------------+-------+-------++-------
Melee: Falchion          |    76 |       ||    76
       Tailslap          |     7 |     2 ||     9
       Short sword       |    28 |    23 ||    51
 Cast: Shroud of Golubri |     2 |     2 ||     4
  Eat: Chunk             |       |     1 ||     1
Armor: Skin              |    35 |     6 ||    41
Dodge: Dodged            |    64 |     9 ||    73
       Rpst.: Falchion   |    12 |       ||    12

Table legend:
 A = Non-vault XP
 B = Vault XP
 C = Vault XP percentage of total XP
 D = Non-vault monster count
 E = Vault monster count
 F = Vault count percentage of total count
                 A         B        C        D         E       F
            +---------+---------+-------+---------+---------+-------
      Total |     167 |      10 |   5.6 |      36 |       7 |  16.3
            +---------+---------+-------+---------+---------+-------
        D:1 |      74 |      10 |  11.9 |      27 |       7 |  20.6
        D:2 |      93 |       0 |   0.0 |       9 |       0 |   0.0
            +---------+---------+-------+---------+---------+-------
